 Dungeon Crawl Stone Soup version 0.28-a0-43-g560ac104fe (webtiles) character file.

Game seed: 9627817449676574276

850 pkoi the Conjurer (level 7, -1/32 HPs)
             Began as a Spriggan Conjurer on July 28, 2021.
             Slain by an ogre (15 damage)
             ... on level 5 of the Dungeon on July 29, 2021.
             The game lasted 00:13:32 (6732 turns).

pkoi the Conjurer (Spriggan Conjurer)               Turns: 6732, Time: 00:13:32

Health: -1/32      AC:  5    Str:  3    XL:     7   Next: 69%
Magic:  2/12       EV: 19    Int: 21    God:
Gold:   189        SH:  0    Dex: 14    Spells: 5/11 levels left

rFire   . . .      SeeInvis +   v - +4 rapier of Zin's Grace {venom, Will+ SInv}
rCold   . . .      Faith    .   (shield restricted)
rNeg    . . .      Spirit   .   a - +0 robe
rPois   .          Reflect  .   t - +2 hat
rElec   .          Harm     .   f - +0 cloak
rCorr   .          Rampage  .   (gloves unavailable)
Will    ++...                   (boots unavailable)
Stlth   ++........              (no amulet)
HPRegen 0.10/turn               (no ring)
MPRegen 0.13/turn               (no ring)

@: freezing walls, very quick
A: very small, no large weapons, unfitting armour, see invisible, speed 3
a: no special abilities


You were on level 5 of the Dungeon.
You visited 1 branch of the dungeon, and saw 5 of its levels.

You collected 189 gold pieces.

Inventory:

Hand Weapons
 e - a +0 dagger of freezing
 v - the +4 rapier of Zin's Grace (weapon) {venom, Will+ SInv}
   (You found it on level 5 of the Dungeon)

   It poisons the flesh of those it strikes.
   SInv:      It lets you see invisible.
   Will:      It increases your willpower.
Missiles
 n - 5 curare-tipped darts
Armour
 a - a +0 robe (worn)
 f - a +0 cloak (worn)
 t - a +2 hat (worn)
Jewellery
 h - a ring of poison resistance
Wands
 u - a wand of acid (8)
Scrolls
 c - a scroll of brand weapon
 j - 2 scrolls of identify
 k - 2 scrolls of teleportation
 l - a scroll of amnesia
 r - a scroll of blinking {unknown}
Potions
 b - a potion of haste
 d - 2 potions of brilliance {unknown}
 g - 3 potions of mutation {unknown}
 i - a potion of degeneration {unknown}
 m - a potion of heal wounds {unknown}
 o - a potion of lignification {unknown}
 p - 2 potions of curing
 q - a potion of attraction {unknown}
 s - 2 potions of flight {unknown}


   Skills:
 + Level 0.7 Short Blades
 + Level 5.4 Dodging
 - Level 3.0 Stealth
 - Level 2.6 Spellcasting
 + Level 5.5 Conjurations
 + Level 3.9 Ice Magic


You had 5 spell levels left.
You knew the following spells:

 Your Spells              Type           Power      Damage    Failure   Level
a - Magic Dart            Conj           100%       1d8       1%          1
b - Searing Ray           Conj           52%        3d5       2%          2
c - Frozen Ramparts       Ice            38%        1d5       9%          3

Your spell library contained the following spells:

 Spells                   Type           Power      Damage    Failure   Level
 Freeze                   Ice            76%        1d9       2%          1
 Foxfire                  Conj/Fire      56%        2x1d6     4%          1
 Conjure Flame            Conj/Fire      14%        6-21      13%         3
 Dazzling Flash           Conj/Hex       28%        N/A       13%         3
 Corpse Rot               Necr/Air       N/A        N/A       21%         2
 Slow                     Hex            2%         N/A       21%         2
 Hailstorm                Conj/Ice       22%        3d7       21%         4
 Confusing Touch          Hex            2%         N/A       38%         3
 Inner Flame              Hex/Fire       2%         N/A       38%         3
 Vampiric Draining        Necr           1%         2d6       38%         3
 Fulminant Prism          Conj/Hex       7%         3d7       41%         4
 Iskenderun's Mystic Bla  Conj/Tloc      14%        2d5       41%         4
 Dispel Undead            Necr           2%         3d7       80%         4
 Death Channel            Necr           1%         N/A       100%        6


Dungeon Overview and Level Annotations

Branches:
Dungeon (5/15)
 Temple: D:4-7

Altars:
Makhleb

Annotations:
D:4 Pikel


Innate Abilities, Weirdness & Mutations

You are very small and have problems with some larger weapons.
You are too small for most types of armour.
You have supernaturally acute eyesight. (SInv)
You cover ground extremely quickly. (Speed+++)


Message History

The searing ray misses the hound. (Press . to maintain the ray.)
The hound misses you.
Unknown command.
The searing ray hits the hound.
The hound is lightly wounded.
The hound completely misses you. The hound bites you.
The searing ray hits the hound!
The hound is severely wounded.
The hound barely misses you.
The searing ray hits the hound!
You kill the hound!
You finish channeling your searing ray.
Unknown command.
You start resting.
An ogre is nearby!
Casting: Searing Ray (safe; 2% risk of failure)
Confirm with . or Enter, or press ? or * to list all spells.
The spell is quite dangerous to cast (9% risk of failure)!
Continue anyway?
Casting: Frozen Ramparts (quite dangerous; 9% risk of failure)
Press: ? - help, Dir - look around, f - activate The walls around you are covered in ice.
The ogre shouts!
The wall freezes the ogre.
Casting: Frozen Ramparts (quite dangerous; 9% risk of failure)
Confirm with . or Enter, or press ? or * to list all spells.
Aiming: Searing Ray (safe; 2% risk of failure)
Press: ? - help, Shift-Dir - straight line, f - ogre
Aim: an ogre, wielding a +0 giant spiked club (lightly wounded, 90% to hit)
The searing ray hits the ogre!
The ogre is moderately wounded. (Press . to maintain the ray.)
The wall freezes the ogre.
The searing ray misses the ogre.
The wall freezes the ogre.
The ogre hits you with a +0 giant spiked club!!
Ouch! That really hurt!
Unknown command.
The searing ray misses the ogre.
The wall freezes the ogre.
The ogre hits you with a +0 giant spiked club!
You die...

# # # # ######### #
#....'?.# #.88.#..#
#.88O# #..O
#...@#######
..####'#....#
#.........###
##..........# ##
#.####.>.#.###########.
# ##...)....#.)..#..
#..###..#.#.##....
#..## ##.#.#.####.. ###
#.....# #..


You could see an ogre.

Vanquished Creatures
  An acid dragon (D:4)
  A black bear (D:4)
  An ogre (D:4)
  A phantom (D:4)
  3 lemures
  2 scorpions (D:3)
  3 hounds
  5 orc wizards
  A hound skeleton (D:4)
  A gnoll (D:1)
  6 adders
  A white imp (D:5)
  2 dart slugs (D:1)
  7 orcs
  5 endoplasms
  3 giant cockroaches (D:1)
  3 goblins (D:1)
  6 hobgoblins
  7 jackals
  7 kobolds
  2 quokkas (D:1)
  6 ball pythons
  2 bats
  4 frilled lizards
  7 rats
87 creatures vanquished.

Notes
Turn   | Place    | Note
-------+----------+-------------------------------------------
     0 | D:1      | pkoi the Spriggan Conjurer began the quest for the Orb.
     0 | D:1      | Reached XP level 1. HP: 9/9 MP: 5/5
   249 | D:1      | Reached XP level 2. HP: 13/13 MP: 1/6
   555 | D:1      | Reached XP level 3. HP: 16/16 MP: 2/8
   704 | D:1      | Learned a level 2 spell: Searing Ray
  1269 | D:2      | Learned a level 3 spell: Frozen Ramparts
  2205 | D:2      | Reached XP level 4. HP: 21/21 MP: 5/9
  2618 | D:3      | Noticed a scorpion
  2655 | D:3      | Killed a scorpion
  2656 | D:3      | Reached skill level 1 in Ice Magic
  2656 | D:3      | Reached XP level 5. HP: 11/24 MP: 3/10
  3583 | D:3      | Found a faded altar of an unknown god.
  3631 | D:3      | Found a burning altar of Makhleb.
  3782 | D:4      | Noticed a lemure
  3807 | D:3      | Killed a lemure
  3895 | D:4      | Noticed a lemure
  3912 | D:4      | Killed a lemure
  4205 | D:4      | Noticed a phantom
  4221 | D:4      | Killed a phantom
  4222 | D:4      | Reached XP level 6. HP: 10/28 MP: 0/11
  4521 | D:4      | Noticed Pikel
  5212 | D:4      | Reached skill level 5 in Conjurations
  5626 | D:4      | Noticed an acid dragon
  5642 | D:4      | Killed an acid dragon
  5643 | D:4      | Reached XP level 7. HP: 12/32 MP: 4/12
  6096 | D:4      | Reached skill level 5 in Dodging
  6340 | D:5      | Entered Level 5 of the Dungeon
  6549 | D:5      | Identified the +4 rapier of Zin's Grace {venom, Will+ SInv}
  6732 | D:5      | Slain by an ogre

Illustrated notes

Levels and vault maps discovered:
D:1:      mrwooster_arrival_statue_2, layout_rooms
D:2:      layout_loops_ring
D:3:      layout_loops_corners, bloody_makhleb,
          hellmonk_ecumenical_altar_heavens_door
D:4:      layout_basic, uniq_pikel
D:5:      minmay_chambers_of_fours, layout_rooms,
          chequers_temple_overflow_minitemple

Skill      XL: |  1  2  3  4  5  6  7 |
---------------+----------------------+-----
Conjurations   | 3 4 5 |  5.5
Ice Magic      | 1 2 3 |  3.9
Dodging        | 3 4 5 |  5.4
Short Blades   | |  0.7
Stealth        | |  3.0
Spellcasting   | |  2.6

Action                   |  1- 3 |  4- 6 |  7- 9 || total
-------------------------+-------+-------+-------++-------
Melee: Dagger            |     7 |    78 |    14 ||    99
       Rapier            |       |       |     2 ||     2
 Cast: Magic Dart        |    86 |    97 |    23 ||   206
       Searing Ray       |       |    10 |     4 ||    14
       Frozen Ramparts   |       |       |     2 ||     2
  Use: Scroll            |     2 |     5 |       ||     7
 Stab: Sleeping          |     1 |     3 |       ||     4
Armor: Robe              |     1 |    15 |     2 ||    18
Dodge: Dodged            |    10 |    73 |    25 ||   108

Table legend: (Time is in decaauts)
 A = Elapsed time spent in this place.
 B = Non-inter-level travel time spent in this place.
 C = Inter-level travel time spent in this place.
 D = Time resting spent in this place.
 E = Time spent auto-exploring this place.
 F = Levels seen in this place.
 G = Mean time per level.
                   A        B        C        D        E       F      G
               +--------+--------+--------+--------+--------+-----+--------+
         Total |   5482 |   5347 |    135 |   2562 |   2057 |   5 | 1096.4 |
       Dungeon |   5482 |   5347 |    135 |   2562 |   2057 |   5 | 1096.4 |
               +--------+--------+--------+--------+--------+-----+--------+

Top non-repeatable levels by time:
     D:3: 1945 daAuts
     D:4: 1388 daAuts
     D:1: 1192 daAuts
     D:2: 620 daAuts
     D:5: 334 daAuts
